[Event "Team 45 45 League T65"]
[Site "Internet Chess Club"]
[Date "2015.06.27"]
[Round "4"]
[White "SilentKnight"]
[Black "XGG123"]
[Result "1-0"]
[WhiteElo "1654"]
[BlackElo "1280"]
[Opening "King's Indian: Sämisch, orthodox, 7.Nge2 c6"]
[ECO "E86"]
[Time "18:00:15"]
[TimeControl "2700+45"]

1. d4 Nf6 2. c4 g6 3. f3 Bg7 4. e4 d6 5. Nc3 O-O 6. Be3 e5 7. Nge2 c6 8. Qd2
Nbd7 9. d5 cxd5 10. cxd5 a6 11. g4 h5 12. g5 Nh7 13. Nc1 b5 14. Nd3 Nb6 15. b3
Bd7 16. h4 Rc8 17. Bh3 Bxh3 18. Rxh3 Qc7 19. Rc1 Rfe8 20. Rg3 Qb7 21. Bxb6 Qxb6
22. Nb4 Nf8 23. Nc6 Nd7 24. Nd1 Rc7 25. Rg2 Qb7 26. Rc3 Qc8 27. Ne3 Nc5 28. Rg3
Kh7 29. Kf2 f6 30. Kg2 Rf8 31. Kh2 fxg5 32. hxg5 Rf4 33. b4 Na4 34. Rc1 Rh4+ 35.
Kg2 Nb6 36. Nf5 gxf5 37. g6+ Kg8 38. Ne7+ Rxe7 39. Rxc8+ Nxc8 40. Qc1 Re8 41.
Qc7 Rf8 42. exf5 Rf4 43. Rg5 e4 44. Rxh5 exf3+ 45. Kf2 Rc4 46. Qb7 Rc2+ 47. Kxf3
Rxa2 48. Rh7 Bd4 49. Rh8+ Bxh8 50. Qh7# {Black checkmated} 1-0

[Event "Team 45 45 League T65"]
[Site "Internet Chess Club"]
[Date "2015.06.26"]
[Round "4"]
[White "julesraider"]
[Black "jjaillet2007"]
[Result "1-0"]
[WhiteElo "1575"]
[BlackElo "1353"]
[Opening "QGD: Tarrasch, Prague variation"]
[ECO "D33"]
[Time "09:00:34"]
[TimeControl "2700+45"]

1. d4 d5 2. c4 e6 3. Nc3 c5 4. cxd5 exd5 5. Nf3 Nc6 6. g3 Nf6 7. Bg2 cxd4 8.
Nxd4 Nxd4 9. Qxd4 Be6 10. O-O Be7 11. b3 O-O 12. Bb2 a6 13. Rac1 Rc8 14. Rfd1
Bc5 15. Qd3 Ng4 16. e3 Qf6 17. Qe2 Rfe8 18. Nxd5 Qh6 19. h3 Nf6 20. Nf4 Bf5 21.
Bxb7 Rc7 22. Qxa6 Be4 23. Bxe4 Nxe4 24. Qxh6 gxh6 25. Nd5 Rc6 26. b4 Rd6 27.
bxc5 Rc6 28. f3 Nxg3 29. Kf2 Nh5 30. Ne7+ Kf8 31. Nxc6 {Black resigns} 1-0

[Event "Team 45 45 League T65"]
[Site "Internet Chess Club"]
[Date "2015.06.28"]
[Round "4"]
[White "Just-Jim"]
[Black "TwinsburgOHUSA"]
[Result "0-1"]
[WhiteElo "1351"]
[BlackElo "1474"]
[Opening "Queen's pawn game"]
[ECO "D00"]
[Time "18:00:24"]
[TimeControl "2700+45"]

1. d4 d5 2. e3 Bf5 3. f4 Nf6 4. Nf3 e6 5. Be2 Be7 6. c4 c6 7. Ne5 Nbd7 8. O-O
O-O 9. c5 Ne4 10. Nd2 Ndf6 11. b4 Nc3 12. Qe1 Nxe2+ 13. Qxe2 Ne4 14. Nxe4 Bxe4
15. b5 f6 16. Nf3 Rb8 17. Nd2 Bg6 18. e4 dxe4 19. Nxe4 Qxd4+ 20. Nf2 Qxa1 21.
Qxe6+ Rf7 22. f5 Bh5 23. g4 Bxg4 24. Nxg4 Qd4+ 25. Be3 Qxg4+ 26. Kh1 cxb5 27. c6
bxc6 28. Qxc6 Qc4 29. Qf3 Bc5 30. Bf4 Rd8 31. Rc1 Qd5 32. Kg2 Qxf3+ 33. Kxf3 Bb6
34. Rb1 Rd5 35. Ke4 Rfd7 36. Rc1 Rd4+ 37. Kf3 Ra4 38. Rc8+ Kf7 39. Rc2 Rc4 40.
Rg2 Bc7 41. Be3 Rc3 42. Ke4 Re7+ {White resigns} 0-1

[Event "Team 45 45 League T65"]
[Site "Internet Chess Club"]
[Date "2015.06.24"]
[Round "4"]
[White "krysto"]
[Black "bradleyguo175"]
[Result "0-1"]
[WhiteElo "1637"]
[BlackElo "1742"]
[Opening "King's Indian: orthodox, Aronin-Taimanov variation (Yugoslav attack / Mar del Plata variation)"]
[ECO "E97"]
[Time "19:01:14"]
[TimeControl "2700+45"]

1. d4 Nf6 2. c4 g6 3. Nc3 Bg7 4. e4 d6 5. Nf3 O-O 6. Be2 e5 7. O-O Nc6 8. d5 Ne7
9. Rb1 Nd7 10. Ne1 f5 11. f3 f4 12. b4 a5 13. a3 g5 14. Nd3 b6 15. Na4 axb4 16.
axb4 Ba6 17. Qc2 Bxc4 18. Qxc4 Rxa4 19. Bd1 Ra8 20. Rf2 Qb8 21. Rc2 Rc8 22. Qb5
Nf6 23. Bd2 Qa7 24. Rbc1 Ne8 25. Nb2 Rd8 26. Qc4 Qa6 27. b5 Qa7 28. Nd3 Qa4 29.
Nb4 h5 30. Rc3 Qa5 31. Na6 Rxa6 32. bxa6 Ra8 33. Be2 Qc5+ 34. Qxc5 dxc5 35. Bb5
Nd6 36. Bf1 g4 37. Ra3 c6 38. dxc6 Nxc6 39. Rb3 Nc8 40. Bb5 Nd4 41. Bc4+ Kh8 42.
Rb2 gxf3 43. gxf3 Nxf3+ 44. Kf2 Nxh2 45. Be2 Ng4+ 46. Bxg4 hxg4 47. Ra2 Nd6 48.
Rh1+ Kg8 49. Re1 Bf6 50. Kg2 Bh4 51. Rh1 f3+ 52. Kf1 Bf6 53. Rh6 Nxe4 54. Be3 g3
55. Rg6+ Kf7 56. Rg4 g2+ 57. Kg1 Nd6 58. a7 Nc8 59. Rga4 Nd6 60. Ra6 Nc4 61. Bc1
e4 62. R6a4 Bd4+ {White resigns} 0-1

[Event "Team 45 45 League T65"]
[Site "Internet Chess Club"]
[Date "2015.06.26"]
[Round "4"]
[White "Bryant-L"]
[Black "portis2"]
[Result "1-0"]
[WhiteElo "1728"]
[BlackElo "1564"]
[Opening "Nimzo-Indian defense"]
[ECO "E20"]
[Time "12:00:08"]
[TimeControl "2700+45"]

1. d4 Nf6 2. c4 e6 3. Nc3 Bb4 4. Bd2 c5 5. e3 Nc6 6. a3 Ba5 7. Nf3 cxd4 8. exd4
d6 9. b4 Bc7 10. d5 exd5 11. cxd5 Qe7+ 12. Be3 Ne5 13. Be2 O-O 14. O-O a6 15.
Nxe5 Qxe5 16. Bd4 Qg5 17. Qc1 Qg6 18. Re1 Bh3 19. Bf3 Rfe8 20. Ne2 Bg4 21. Bxg4
Qxg4 22. Qxc7 Rxe2 23. Rxe2 Qxe2 24. Bxf6 gxf6 25. Qxd6 Re8 26. Qg3+ Kf8 27. Qc3
Re5 28. d6 Rd5 29. h3 Rd1+ 30. Rxd1 Qxd1+ 31. Kh2 Qxd6+ 32. g3 Ke7 33. Kg2 Qd5+
34. Qf3 Ke6 35. g4 b5 36. Kg3 Qxf3+ 37. Kxf3 Kd5 38. Kf4 Kc4 39. Kf5 Kb3 40.
Kxf6 Kxa3 41. Kxf7 Kxb4 42. f4 Kc3 43. f5 b4 44. f6 b3 45. Kg8 b2 46. f7 b1=Q
47. f8=Q Qg6+ 48. Qg7+ Qxg7+ 49. Kxg7 a5 50. Kxh7 a4 51. g5 a3 52. g6 a2 53. g7
a1=Q 54. g8=Q Qb1+ 55. Qg6 Qb7+ 56. Qg7+ {Black resigns} 1-0

[Event "Team 45 45 League T65"]
[Site "Internet Chess Club"]
[Date "2015.06.30"]
[Round "4"]
[White "Berke"]
[Black "nanning"]
[Result "0-1"]
[WhiteElo "1555"]
[BlackElo "1649"]
[Opening "Sicilian: closed, 2...Nc6"]
[ECO "B23"]
[Time "09:00:23"]
[TimeControl "2700+45"]

1. e4 c5 2. Nc3 Nc6 3. Bb5 Nd4 4. f4 g6 5. Nf3 Bg7 6. a4 e6 7. d3 Ne7 8. O-O O-O
9. Bd2 d5 10. exd5 exd5 11. a5 Bg4 12. a6 b6 13. Be3 Nxf3+ 14. Rxf3 {White
resigns} 0-1

[Event "Team 45 45 League T65"]
[Site "Internet Chess Club"]
[Date "2015.06.28"]
[Round "4"]
[White "Megasus"]
[Black "fuzzface"]
[Result "1/2-1/2"]
[WhiteElo "1577"]
[BlackElo "1356"]
[Opening "Queen's pawn game, Darooha variation "]
[ECO "D02"]
[Time "07:00:27"]
[TimeControl "2700+45"]

1. Nf3 Nf6 2. d4 d5 3. Nbd2 Bg4 4. e3 e6 5. a3 Bd6 6. b3 O-O 7. Bd3 c5 8. h3
Bxf3 9. Nxf3 cxd4 10. exd4 Re8 11. Bb2 Nc6 12. Ne5 Bxe5 13. dxe5 Ne4 14. O-O Qc7
15. Qe2 Nc5 16. Rac1 Nd7 17. f4 Qb6+ 18. Kh1 Rac8 19. Qh5 g6 20. Qh4 Qd8 21. Qf2
Rf8 22. g4 b6 23. b4 f6 24. Qg3 d4 25. exf6 Nxf6 26. Rce1 Qd5+ 27. Qg2 Rce8 28.
Be4 Nxe4 29. Qxe4 Qxe4+ 30. Rxe4 g5 31. Bxd4 Nxd4 32. Rxd4 e5 33. Re4 gxf4 34.
Kg2 Re7 35. c4 Rd8 36. Rf3 Rd2+ 37. Rf2 Rd3 38. Rf3 Rd2+ {Game drawn by mutual
agreement} 1/2-1/2

[Event "Team 45 45 League T65"]
[Site "Internet Chess Club"]
[Date "2015.06.30"]
[Round "4"]
[White "Percival"]
[Black "HematiteBrown"]
[Result "1/2-1/2"]
[WhiteElo "2067"]
[BlackElo "2073"]
[Opening "King's Indian: Andersson variation"]
[ECO "E92"]
[Time "08:01:17"]
[TimeControl "2700+45"]

1. d4 Nf6 2. c4 g6 3. Nc3 Bg7 4. Nf3 O-O 5. e4 d6 6. Be2 e5 7. dxe5 dxe5 8. Qxd8
Rxd8 9. Bg5 Re8 10. Nd5 Nxd5 11. cxd5 c6 12. Bc4 cxd5 13. Bxd5 Nd7 14. Nd2 Nc5
15. O-O-O Be6 16. Bxe6 Nxe6 17. Be3 b5 18. Nb3 a5 19. Kb1 a4 20. Nc5 b4 21. Nxe6
Rxe6 22. Rd5 Bf8 23. Rc1 Kg7 24. Bc5 b3 25. Bxf8+ Rxf8 26. axb3 axb3 27. Rb5 f5
28. exf5 Rxf5 29. f3 e4 30. Rxb3 exf3 31. gxf3 Re2 32. Rc2 Rxc2 33. Kxc2 Rh5 34.
Re3 Rxh2+ 35. Kc3 Rh1 36. b4 Rc1+ 37. Kd4 Rb1 38. Kc4 h5 39. b5 h4 40. Re4 g5
41. Rg4 Kf6 42. f4 Kf5 43. Rxg5+ Kxf4 44. Rh5 Kg3 {Game drawn by mutual
agreement} 1/2-1/2

[Event "Team 45 45 League T65"]
[Site "Internet Chess Club"]
[Date "2015.06.26"]
[Round "4"]
[White "PuzzleMaster"]
[Black "BigH"]
[Result "1/2-1/2"]
[WhiteElo "2020"]
[BlackElo "2008"]
[Opening "QGD: Charousek (Petrosian) variation"]
[ECO "D31"]
[Time "12:27:46"]
[TimeControl "2700+45"]

1. d4 d5 2. c4 e6 3. Nc3 Be7 4. Bf4 Nf6 5. e3 O-O 6. cxd5 exd5 7. Bd3 c5 8. Nge2
Nc6 9. O-O cxd4 10. Nxd4 Nxd4 11. exd4 Be6 {Game drawn by mutual agreement}
1/2-1/2

[Event "Team 45 45 League T65"]
[Site "Internet Chess Club"]
[Date "2015.06.29"]
[Round "4"]
[White "kidviper"]
[Black "ShootStraight"]
[Result "1/2-1/2"]
[WhiteElo "1939"]
[BlackElo "1986"]
[Opening "Sicilian: accelerated fianchetto, Maróczy bind"]
[ECO "B36"]
[Time "10:09:41"]
[TimeControl "2700+45"]

1. e4 c5 2. Nf3 g6 3. d4 cxd4 4. Nxd4 Nc6 5. c4 Nf6 6. Nc3 d6 7. Be2 Nxd4 8.
Qxd4 Bg7 9. O-O O-O 10. Bg5 Be6 11. Qd2 Re8 12. Rac1 Qa5 13. f3 a6 14. Nd5 Qxd2
15. Bxd2 Rac8 16. Bc3 Nd7 17. Bxg7 Kxg7 18. Nf4 Nf8 19. Rc3 Bd7 20. Rfc1 Ne6 21.
Nxe6+ Bxe6 22. a3 b6 23. b4 a5 24. c5 axb4 25. axb4 bxc5 26. bxc5 dxc5 27. Rxc5
h6 28. Rxc8 Rxc8 29. Rxc8 Bxc8 30. Kf2 Kf6 31. Ke3 e5 32. Bc4 g5 33. g3 Kg6
{Game drawn by mutual agreement} 1/2-1/2

[Event "Team 45 45 League T65"]
[Site "Internet Chess Club"]
[Date "2015.06.27"]
[Round "4"]
[White "Greedy-Reedy"]
[Black "Babaliyev"]
[Result "0-1"]
[WhiteElo "1867"]
[BlackElo "2000"]
[Opening "Sicilian: Alapin's variation (2.c3)"]
[ECO "B22"]
[Time "03:05:41"]
[TimeControl "2700+45"]

1. e4 c5 2. c3 g6 3. d4 cxd4 4. cxd4 d5 5. e5 Nc6 6. Nc3 Bg7 7. Bb5 a6 8. Bxc6+
bxc6 9. Nf3 Bg4 10. h3 Bxf3 11. Qxf3 e6 12. Bf4 Nh6 13. g4 Qb6 14. Qe3 Ng8 15.
O-O Ne7 16. Bg5 Ra7 17. Na4 Qb4 18. Nc5 h6 19. Bxe7 Kxe7 20. b3 h5 21. g5 Re8
22. Rfc1 Kf8 23. Rc2 Kg8 24. Rac1 Rc8 25. Nd3 Qb6 26. Nc5 Bf8 27. Qc3 Be7 28. h4
a5 29. Na4 Qb5 30. Nc5 Kg7 31. Kg2 Qb4 32. Na4 Ra6 33. Nc5 Ra7 34. Na4 Ra6 35.
Nc5 Bxc5 36. Qxc5 Rc7 37. Qc3 Kg8 38. Qd3 Rb6 39. Rc5 a4 40. bxa4 Qxa4 41. a3
Rb3 42. R5c3 Rb2 43. Qd1 Qxd1 44. Rxd1 Ra2 45. Rdc1 Rd2 46. a4 Rxd4 47. Ra3 Rxh4
48. a5 Rb4 49. a6 Rb8 50. Kf3 c5 51. Ke3 Ra8 52. Kd3 Raa7 53. Ra5 Rc6 54. Rca1
Kf8 55. Kc3 Rb6 56. Rxc5 Raxa6 57. Rc8+ Kg7 58. Rxa6 Rxa6 59. Kd4 Ra4+ 60. Ke3
Re4+ {White resigns} 0-1

[Event "Team 45 45 League T65"]
[Site "Internet Chess Club"]
[Date "2015.06.28"]
[Round "4"]
[White "jorobo"]
[Black "Woss"]
[Result "0-1"]
[WhiteElo "2037"]
[BlackElo "2231"]
[Opening "QGD: Lasker defense"]
[ECO "D56"]
[Time "14:01:36"]
[TimeControl "2700+45"]

1. c4 e6 2. Nc3 d5 3. d4 Nf6 4. Bg5 Be7 5. e3 O-O 6. Nf3 h6 7. Bh4 Ne4 8. Bxe7
Qxe7 9. Rc1 c6 10. Bd3 Nxc3 11. Rxc3 dxc4 12. Bxc4 Nd7 13. Bb3 e5 14. O-O e4 15.
Nd2 Nf6 16. Qb1 Bf5 17. f3 Bg6 18. Bc2 exf3 19. Bxg6 fxg6 20. Nxf3 Nd5 21. Rb3
Nxe3 22. Re1 Rxf3 23. gxf3 Qg5+ 24. Kf2 Nd5 25. Re4 Rf8 26. Rxb7 Qd2+ 27. Kg3
Nf6 28. Rh4 Qg5+ 29. Kh3 Nh5 30. Rb3 Nf4+ 31. Rxf4 Rxf4 32. Qe1 Rxd4 33. Rb4
Qf5+ 34. Kg2 Qc2+ 35. Kh3 Rd2 36. Qe5 Rd5 37. Qg3 Qe2 38. Rh4 Rg5 39. Qb8+ Kh7
40. Rxh6+ gxh6 41. Qc7+ Kg8 42. Qd8+ Kf7 43. Qc7+ Qe7 {White resigns} 0-1

[Event "Team 45 45 League T65"]
[Site "Internet Chess Club"]
[Date "2015.06.27"]
[Round "4"]
[White "laurenpar"]
[Black "willhelm"]
[Result "1-0"]
[WhiteElo "1962"]
[BlackElo "1920"]
[Opening "Réti opening"]
[ECO "A05"]
[Time "22:01:30"]
[TimeControl "2700+45"]

1. Nf3 Nf6 2. g3 d5 3. Bg2 c6 4. O-O Bf5 5. c4 e6 6. Qb3 Qb6 7. d4 Nbd7 8. c5
Qxb3 9. axb3 h6 10. Nc3 a6 11. b4 Rc8 12. h3 Be7 13. g4 Bh7 14. Bf4 O-O 15. Nd2
Rfd8 16. Nb3 Nf8 17. Rfc1 Ne4 18. Bxe4 Bxe4 19. Na5 Rd7 20. Na4 Bd8 21. Bg3 Bc7
22. Nb6 Bxb6 23. cxb6 f6 24. Nb3 Re8 25. Nc5 Rf7 26. Bc7 {Black resigns} 1-0

[Event "Team 45 45 League T65"]
[Site "Internet Chess Club"]
[Date "2015.06.26"]
[Round "4"]
[White "JustinL"]
[Black "anna"]
[Result "0-1"]
[WhiteElo "1922"]
[BlackElo "1800"]
[Opening "Torre attack (Tartakower variation)"]
[ECO "D03"]
[Time "15:01:41"]
[TimeControl "2700+45"]

1. d4 d5 2. Nf3 Nf6 3. Bg5 e6 4. Nbd2 Be7 5. e3 Nbd7 6. Bd3 c5 7. c3 c4 8. Bc2
h6 9. Bh4 b5 10. O-O O-O 11. Re1 Bb7 12. Bxf6 Nxf6 13. e4 dxe4 14. Nxe4 Nxe4 15.
Bxe4 Bxe4 16. Rxe4 Qc7 17. Ne5 f5 18. Re3 Rf6 19. f4 Bd6 20. Qe2 a6 21. Re1 Re8
22. Qf3 Kh7 23. Qh3 Rd8 24. g4 fxg4 25. Nxg4 Rg6 26. Rxe6 Qf7 27. Rxg6 Qxg6 28.
Qg3 Qc2 29. Ne5 Qf5 30. a3 Rf8 31. Kg2 Rf6 32. Re2 Bxe5 33. Rxe5 Qc2+ 34. Qf2
Rg6+ 35. Kf3 Qd3+ 36. Re3 Qd1+ 37. Re2 Qh1+ 38. Ke3 Qc1+ 39. Rd2 Re6+ 40. Kf3
Qb1 41. Re2 Qd3+ 42. Re3 Qd1+ 43. Kg2 Rg6+ 44. Rg3 Re6 45. Qf3 Qd2+ 46. Kh3 Re2
47. Kg4 Qc2 48. f5 Rxh2 49. Kf4 Rf2 {White resigns} 0-1

[Event "Team 45 45 League T65"]
[Site "Internet Chess Club"]
[Date "2015.06.28"]
[Round "4"]
[White "sanjay2000"]
[Black "kidcobra"]
[Result "0-1"]
[WhiteElo "1548"]
[BlackElo "1873"]
[Opening "Two knights defense"]
[ECO "C57"]
[Time "19:32:27"]
[TimeControl "2700+45"]

1. e4 e5 2. Nf3 Nc6 3. Bc4 Nf6 4. Ng5 Nxe4 5. Bxf7+ Ke7 6. d3 Nf6 7. Nc3 d5 8.
Qf3 Nd4 9. Qg3 Qd6 10. O-O h6 11. Qh4 hxg5 12. Qxh8 Kxf7 13. Bxg5 Bf5 14. Rac1
Nh7 15. f4 Re8 16. fxe5 Qg6 17. g4 Bc5 {White resigns} 0-1

[Event "Team 45 45 League T65"]
[Site "Internet Chess Club"]
[Date "2015.06.25"]
[Round "4"]
[White "MartyJR"]
[Black "Littlemon"]
[Result "0-1"]
[WhiteElo "1457"]
[BlackElo "1568"]
[Opening "Queen's bishop game"]
[ECO "D02"]
[Time "20:00:34"]
[TimeControl "2700+45"]

1. d4 d5 2. Nf3 Nf6 3. Bf4 c5 4. c3 Nc6 5. e3 Bf5 6. dxc5 e6 7. Qb3 Qd7 8. Nd4
Bxc5 9. Nxf5 exf5 10. Be2 O-O 11. O-O Rfe8 12. Qc2 h6 13. Nd2 g5 14. Nb3 gxf4
15. Nxc5 Qe7 16. Nb3 fxe3 17. Qxf5 exf2+ 18. Rxf2 Ne4 19. Rff1 Qe6 20. Bh5 Nd6
21. Qf6 Re7 22. Nd4 Nxd4 23. Qxd4 Qe5 24. Qxe5 Rxe5 25. Bf3 Nc4 26. b3 Nd2 27.
Rfd1 Nxf3+ 28. gxf3 Rd8 29. Rd2 Re3 30. Rad1 Rxc3 31. Rxd5 Rxd5 32. Rxd5 Rc1+
33. Kg2 Rc2+ 34. Kg3 Rxa2 35. Rb5 b6 36. h4 Rc2 37. Rb4 Rc7 38. Rg4+ Kh7 39. Rf4
Rb7 40. Rb4 b5 41. Kf4 a5 42. Re4 Ra7 43. Ke3 a4 44. Kd2 a3 45. Kc1 a2 {White
resigns} 0-1

[Event "Team 45 45 League T65"]
[Site "Internet Chess Club"]
[Date "2015.06.25"]
[Round "4"]
[White "moodle"]
[Black "KidRattler"]
[Result "0-1"]
[WhiteElo "1713"]
[BlackElo "1599"]
[Opening "Scandinavian (center counter) defense"]
[ECO "B01"]
[Time "20:01:22"]
[TimeControl "2700+45"]

1. e4 d5 2. exd5 Qxd5 3. Nc3 Qa5 4. d4 Nf6 5. Bc4 c6 6. Ne2 Bf5 7. O-O e6 8. Ng3
Bd6 9. Bd2 Qc7 10. Nxf5 Bxh2+ 11. Kh1 exf5 12. Qe2+ Kf8 13. Rfe1 Bd6 14. Bg5
Nbd7 15. Qf3 h6 16. Bd2 g6 17. Re2 Kg7 18. Rae1 Rhe8 19. Qh3 Bf4 20. Bxf4 Qxf4
21. Kg1 Nb6 22. Bd3 Qxd4 23. g3 Rxe2 24. Rxe2 Re8 25. Rxe8 Nxe8 26. a3 Nd5 27.
Nxd5 cxd5 28. b3 Nf6 29. a4 Ne4 30. Qg2 Qa1+ 31. Kh2 Qe1 32. f3 Nf2 33. Bf1 Nd1
34. Kg1 Ne3 35. Qf2 Qxf1+ 36. Qxf1 Nxf1 37. Kxf1 Kf6 38. Kf2 Ke5 39. f4+ Ke4 40.
Ke2 d4 41. b4 b6 42. b5 f6 43. Kd2 Kf3 44. Kd3 Kxg3 45. Kxd4 h5 46. Ke3 h4 47.
Ke2 h3 48. Kf1 h2 49. Ke2 h1=Q 50. Kd3 Kxf4 51. Kc3 g5 52. Kd4 Qe4+ 53. Kc3 g4
{White resigns} 0-1

[Event "Team 45 45 League T65"]
[Site "Internet Chess Club"]
[Date "2015.06.27"]
[Round "4"]
[White "OperaDude94"]
[Black "rayonline53"]
[Result "1/2-1/2"]
[WhiteElo "1838"]
[BlackElo "1562"]
[Opening "King's Indian: Averbakh system"]
[ECO "E73"]
[Time "14:01:03"]
[TimeControl "2700+45"]

1. d4 d6 2. c4 Nf6 3. Nc3 g6 4. e4 Bg7 5. Be2 O-O 6. Bg5 Nbd7 7. Qd2 c5 8. d5 a6
9. Bh6 Nb6 10. h4 Bd7 11. h5 Na4 12. Bxg7 Kxg7 13. hxg6 fxg6 14. Qh6+ Kg8 15. e5
dxe5 16. Ne4 Rf7 17. Ng5 Rg7 18. N1f3 e4 19. Ne5 Qe8 20. Nxd7 Qxd7 21. Ne6 Rf7
22. Ng5 Rg7 23. Ne6 Rf7 24. Ng5 Rg7 25. Ne6 Rf7 {Game drawn by repetition}
1/2-1/2

[Event "Team 45 45 League T65"]
[Site "Internet Chess Club"]
[Date "2015.06.29"]
[Round "4"]
[White "ILRE"]
[Black "caglar"]
[Result "0-1"]
[WhiteElo "1730"]
[BlackElo "1601"]
[Opening "Queen's bishop game"]
[ECO "D02"]
[Time "14:04:38"]
[TimeControl "2700+45"]

1. d4 d5 2. Nf3 Nf6 3. Bf4 c5 4. e3 Nc6 5. c3 Qb6 6. Qc1 cxd4 7. exd4 Bf5 8.
Nbd2 Rc8 9. Nb3 Nb4 10. Nc5 Nc2+ 11. Kd2 Nxa1 12. Qxa1 Ne4+ 13. Nxe4 Bxe4 14.
Ne5 e6 15. a4 a6 16. a5 Qb3 17. Nd3 Be7 18. f3 Bg6 19. Be2 O-O 20. h4 Bf6 21.
Be3 Bxd3 22. Bxd3 e5 23. dxe5 Bxe5 24. Bc2 Qc4 25. Bd3 Qc7 26. Qa4 Bxc3+ 27.
bxc3 Qxc3+ 28. Ke2 Rfe8 29. Qa1 d4 30. Qxc3 Rxe3+ 31. Kd2 Rxc3 32. Be4 Ra3 33.
Rb1 Ra2+ 34. Kd1 Rxa5 35. Rxb7 Rb5 36. Rd7 g6 37. Rxd4 a5 38. Rd7 Rxe4 39. fxe4
Re5 40. Rd4 f5 41. exf5 Rxf5 42. Ke2 h5 43. Ke3 Kf7 44. g4 hxg4 45. Rxg4 Kf6 46.
Kd3 Rb5 47. Kc3 Rb4 48. Rg5 Rxh4 49. Rxa5 Rf4 50. Kd3 g5 51. Ke3 Kg6 52. Ra8 Kh5
53. Rh8+ Kg4 54. Rg8 Ra4 55. Rg7 Ra5 56. Rg8 Kg3 57. Ke4 Ra4+ 58. Kf5 g4 59. Rb8
Rf4+ 60. Kg5 Ra4 61. Rb3+ Kf2 62. Rb2+ Ke3 63. Rg2 Kf3 64. Rg1 g3 65. Rb1 Re4
66. Kf5 Re2 67. Rf1+ Kg2 68. Ra1 Kh2 69. Ra8 g2 70. Rh8+ Kg1 71. Kg4 Kf1 72.
Rf8+ Rf2 {White resigns} 0-1

[Event "Team 45 45 League T65"]
[Site "Internet Chess Club"]
[Date "2015.06.26"]
[Round "4"]
[White "werty"]
[Black "EFXBT"]
[Result "1-0"]
[WhiteElo "1580"]
[BlackElo "1510"]
[Opening "Queen's pawn, Mason variation"]
[ECO "D00"]
[Time "14:31:01"]
[TimeControl "2700+45"]

1. d4 d5 2. Bf4 Bf5 3. Nf3 Nc6 4. c3 e6 5. e3 Nf6 6. h3 Bd6 7. Bxd6 cxd6 8. Nbd2
O-O 9. Be2 e5 10. O-O Re8 11. Re1 e4 12. Nh2 Rc8 13. a3 a6 14. Rc1 b5 15. Nhf1
Na5 16. Nb3 Nc4 17. Qc2 a5 18. Ng3 Bg6 19. Nd2 a4 20. Ndf1 Na5 21. Bxb5 Nb3 22.
Bxe8 Qxe8 23. Rb1 Qc6 24. Nd2 Nxd2 25. Qxd2 Rb8 26. Qc2 Rb3 27. Ne2 Qc4 28. Nc1
Rb8 29. b4 Qb5 30. Ne2 Rc8 31. Nf4 Rc4 32. Nxg6 hxg6 33. Rbc1 Nd7 34. Qd2 Nb6
35. Rc2 Rc8 36. Qc1 Nc4 37. Rf1 Re8 38. Ra2 Re6 39. Qc2 f5 40. Qe2 Kf7 41. f3
Rf6 42. fxe4 dxe4 43. g4 Kf8 44. gxf5 gxf5 45. Rf2 g6 46. Rg2 Kf7 47. Rg5 d5 48.
Qf2 Qe8 49. Qg3 Qd8 50. h4 Rd6 51. Rg2 Qb6 52. h5 Nxa3 53. Rxg6 Rxg6 54. Qxg6+
Qxg6 55. hxg6+ Kg7 56. Ra2 Nb5 57. Rxa4 Nxc3 58. Ra7+ Kxg6 59. Ra5 Kf6 60. b5
Nxb5 61. Rxb5 Ke6 62. Kf2 Kd6 63. Rc5 Ke6 64. Kg3 Kd6 65. Kf4 Ke6 66. Rc6+ Kd7
67. Rf6 Ke7 68. Rxf5 Kd7 69. Ke5 Kc6 70. Rf6+ Kb5 71. Kxd5 Kb4 72. Kxe4 Kc3 73.
d5 Kd2 74. d6 Kc3 75. d7 Kc4 76. Rd6 Kc3 77. d8=Q Kb2 78. Rd7 Ka1 79. Rc7 Ka2
80. Qb8 Ka1 81. Ra7# {Black checkmated} 1-0

[Event "Team 45 45 League T65"]
[Site "Internet Chess Club"]
[Date "2015.06.25"]
[Round "4"]
[White "Berke"]
[Black "Elton2013"]
[Result "0-1"]
[WhiteElo "1463"]
[BlackElo "1674"]
[Opening "KGD: classical variation"]
[ECO "C30"]
[Time "14:02:17"]
[TimeControl "2700+45"]

1. e4 e5 2. f4 Bc5 3. c3 Nf6 4. Qc2 Nc6 5. Be2 d6 6. Nf3 O-O 7. b4 Bb6 8. a4 a6
9. d3 Ng4 10. h3 Nf6 11. fxe5 Nxe5 12. Nxe5 dxe5 13. Bg5 h6 14. Bh4 Qd6 15. Nd2
Nd7 16. Nc4 Qg6 17. Nxb6 Nxb6 18. g4 h5 19. gxh5 Qg2 20. O-O-O Bd7 21. a5 Ba4
{White resigns} 0-1

[Event "Team 45 45 League T65"]
[Site "Internet Chess Club"]
[Date "2015.06.24"]
[Round "4"]
[White "karthikkallam"]
[Black "Brazuka"]
[Result "1-0"]
[WhiteElo "1383"]
[BlackElo "1166"]
[Opening "QGD: 3...Nf6"]
[ECO "D35"]
[Time "19:00:13"]
[TimeControl "2700+45"]

1. d4 d5 2. c4 Nf6 3. Nc3 e6 4. a3 Bd7 5. e3 c6 6. Nf3 b5 7. c5 a5 8. Bd2 a4 9.
b4 Qc7 10. Bd3 Be7 11. h3 O-O 12. Qc2 Kh8 13. O-O-O Na6 14. Ne2 Rfe8 15. Ng3 Bf8
16. Ng5 Bc8 17. Be2 g6 18. f4 Bh6 19. Nf3 Ne4 20. Nxe4 dxe4 21. Qxe4 f5 22. Qe5+
Bg7 23. Qxc7 Nxc7 24. Ng5 Kg8 25. Bf3 Nd5 26. Bxd5 cxd5 27. Be1 h6 28. Nf3 Ra7
29. Kb1 Rae7 30. Bh4 Rf7 31. Rc1 g5 32. fxg5 hxg5 33. Bxg5 e5 34. Rhe1 e4 35.
Nd2 Re6 36. Bf4 Bh6 37. Bxh6 Rxh6 38. Rh1 Rg7 39. Rcg1 Rhg6 40. Rh2 Rh6 41. Nf1
Rf7 42. g3 Rg6 43. Rhg2 Rfg7 44. g4 fxg4 45. hxg4 Bxg4 46. Nh2 Bf5 47. Rxg6 Bxg6
48. c6 Bf5 49. Rxg7+ Kxg7 50. Nf1 Bc8 51. Ng3 Kf6 52. Kc1 Ke6 53. Kd2 Kd6 54.
Ke1 Kxc6 55. Kf2 Bd7 56. Nh5 Bc8 57. Nf4 Bd7 58. Kg3 Bc8 59. Kh4 Bd7 60. Kg5 Bc8
61. Ng6 Bb7 62. Ne5+ Kc7 63. Kf5 Bc8+ 64. Kf6 Kb8 65. Ke7 Kc7 66. Nf7 Bb7 67.
Nd6 Bc6 68. Ne8+ Kb6 69. Nf6 Kb7 70. Kd6 Kb6 71. Nxd5+ Bxd5 72. Kxd5 Kc7 73.
Kxe4 Kd6 74. d5 Kd7 75. Ke5 Ke7 76. d6+ Kd7 77. e4 {Black resigns} 1-0

[Event "Team 45 45 League T65"]
[Site "Internet Chess Club"]
[Date "2015.06.30"]
[Round "4"]
[White "dabodhi"]
[Black "Legomaster"]
[Result "0-1"]
[WhiteElo "1287"]
[BlackElo "1298"]
[Opening "Sicilian: closed"]
[ECO "B24"]
[Time "12:01:18"]
[TimeControl "2700+45"]

1. e4 c5 2. Nc3 Nc6 3. g3 g6 4. Bg2 Bg7 5. d3 Nf6 6. Be3 d6 7. f3 O-O 8. Qd2 Re8
9. Nge2 a6 10. Bh6 Bh8 11. O-O b5 12. a3 Qb6 13. Be3 Nd7 14. Nd5 Qb7 15. c3 Nf6
16. d4 c4 17. Kh1 Nxd5 18. exd5 Na5 19. Nc1 Rb8 20. f4 Bf5 21. Qd1 Qc7 22. g4
Bd7 23. Be4 Qc8 24. f5 Rf8 25. Bh6 Bg7 26. Bxg7 Kxg7 27. h3 Rh8 28. Qf3 Qf8 29.
f6+ Kg8 30. Ne2 Nb3 31. Rad1 h5 32. Bxg6 hxg4 33. Qf4 Rxh3+ 34. Kg2 exf6 35.
Qxf6 fxg6 36. Qxg6+ Qg7 37. Qxg7+ Kxg7 38. Nf4 Rh6 39. Rde1 Re8 40. Rxe8 Bxe8
41. Ne6+ Kh7 42. Ng5+ Kg6 43. Ne4 Kg7 44. Kg3 Bd7 45. Ng5 Rf6 46. Re1 Kg6 47.
Ne4 Rf3+ 48. Kg2 Bf5 49. Nxd6 Nd2 50. Nxf5 Rxf5 51. Re6+ Rf6 52. Re8 Rd6 53.
Rg8+ Kf5 54. Kg3 Ne4+ 55. Kh4 Rh6# {White checkmated} 0-1

[Event "Team 45 45 League T65"]
[Site "Internet Chess Club"]
[Date "2015.06.27"]
[Round "4"]
[White "kutch"]
[Black "RUPIS"]
[Result "0-1"]
[WhiteElo "1557"]
[BlackElo "1618"]
[Opening "QGD: Tarrasch defense, 4.cd ed"]
[ECO "D32"]
[Time "09:00:32"]
[TimeControl "2700+45"]

1. d4 d5 2. c4 e6 3. Nc3 c5 4. cxd5 exd5 5. dxc5 Nf6 6. Bg5 d4 7. Bxf6 Qxf6 8.
Ne4 Qe5 9. Qc2 Bf5 10. Qa4+ Nc6 11. Nd6+ Bxd6 12. cxd6 Qxd6 13. Nf3 O-O 14. g3
Nb4 15. Rc1 Rfe8 16. Bg2 Nd3+ 17. Kd1 Nxb2+ {White resigns} 0-1